Map: Honorgrounds LE

Players

UltimateOwn - Winner!

  • Race: Protoss Protoss
  • League: Platinum
  • Spawn Location: 1:00

Musumeci

  • Race: Zerg Zerg
  • League: Diamond
  • Spawn Location: 11:00

VOD

Have the link to the VOD?

Description

Time

  • Played on: Jan. 25, 2017, 2:06 p.m.
  • Length: 14:42
Show
View Real Time Build Order
Export as new Build Order

UltimateOwn Protoss - Winner!

Build Orders: 1 Gate Expand, Blink Stalkers 

Get SALT Encoding   

  12  0:03  Probe (Chrono Boost)  
  13  0:13  Probe (Chrono Boost)  
  14  0:20  Pylon  
  14  0:24  Probe (Chrono Boost)  
  15  0:38  Probe (Chrono Boost)  
  15  0:39  Gateway  
  16  0:48  Assimilator  
  16  0:49  Probe (Chrono Boost)  
  17  1:02  Probe (Chrono Boost)  
  18  1:13  Probe (Chrono Boost)  
  19  1:23  Probe (Chrono Boost)  
  20  1:29  Nexus  
  20  1:34  Probe (Chrono Boost)  
  20  1:37  Assimilator  
  21  1:47  Cybernetics Core  
  21  1:54  Pylon  
  21  1:57  Probe (Chrono Boost)  
  22  2:07  Probe (Chrono Boost)  
  23  2:18  Probe (Chrono Boost)  
  23  2:21  Warp Gate  
  24  2:24  Adept  
  24  2:28  Pylon  
  24  2:29  Probe (Chrono Boost)  
  27  2:39  Probe (Chrono Boost)  
  27  2:44  Mothership Core (Chrono Boost)  
  30  2:50  Probe (Chrono Boost)  
  31  3:00  Probe (Chrono Boost)  
  31  3:02  Gateway, Probe (Chrono Boost)  
  31  3:04  Gateway  
  33  3:11  Probe (Chrono Boost)  
  35  3:12  Probe (Chrono Boost)  
  35  3:21  Probe (Chrono Boost)  
  36  3:28  Probe (Chrono Boost)  
  36  3:32  Probe (Chrono Boost)  
  38  3:36  Twilight Council  
  38  3:38  Robotics Facility  
  38  3:39  Probe (Chrono Boost)  
  39  3:42  Probe (Chrono Boost)  
  39  3:43  Assimilator  
  40  3:50  Probe (Chrono Boost)  
  40  3:54  Probe (Chrono Boost)  
  42  3:56  Adept  
  42  3:58  Blink  
  42  4:00  Probe (Chrono Boost)  
  45  4:03  Assimilator  
  45  4:06  Probe (Chrono Boost)  
  46  4:11  Probe (Chrono Boost)  
  47  4:19  Probe (Chrono Boost)  
  47  4:21  Probe (Chrono Boost)  
  49  4:25  Stalker  
  49  4:26  Stalker  
  49  4:31  Probe (Chrono Boost)  
  54  4:37  Pylon  
  54  4:39  Pylon  
  54  4:56  Observer  
  55  5:03  Gateway x2, Pylon  
  55  5:05  Gateway  
  55  5:07  Gateway  
  55  5:11  Pylon  
  55  5:17  Observer  
  56  5:36  Forge  
  56  5:37  Stalker x3  
  56  5:38  Observer  
  56  5:39  Forge  
  63  5:48  Pylon  
  63  5:58  Protoss Ground Weapons Level 1, Protoss Ground Armor Level 1  
  63  6:00  Observer  
  63  6:03  Stalker x6  
  76  6:12  Pylon  
  76  6:21  Immortal  
  76  6:22  Pylon  
  80  6:45  Robotics Facility  
  80  6:47  Robotics Bay  
  80  7:01  Nexus  
  80  7:03  Pylon  
  80  7:04  Immortal  
  80  7:05  Pylon  
  84  7:10  Probe x2 (Chrono Boost)  
  86  7:22  Probe (Chrono Boost)  
  87  7:34  Disruptor, Protoss Ground Weapons Level 2, Protoss Ground Armor Level 2  
  90  7:38  Stalker x4  
  102  7:46  Disruptor  
  101  7:57  Stalker x3  
  107  8:04  Probe (Chrono Boost)  
  107  8:05  Probe (Chrono Boost)  
  109  8:10  Assimilator  
  109  8:13  Pylon  
  109  8:14  Assimilator  
  109  8:15  Probe (Chrono Boost)  
  109  8:17  Probe x2 (Chrono Boost)  
  112  8:20  Adept  
  112  8:22  Disruptor  
  117  8:27  Disruptor  
  117  8:29  Probe (Chrono Boost)  
  117  8:32  Probe (Chrono Boost)  
  117  8:34  Probe (Chrono Boost)  
  123  8:41  Probe (Chrono Boost)  
  124  8:43  Probe (Chrono Boost)  
  124  8:46  Probe (Chrono Boost)  
  126  8:51  Stalker x2  
  126  8:52  Stalker x3  
  136  8:58  Disruptor  
  139  9:14  Probe (Chrono Boost)  
  139  9:15  Disruptor  
  131  9:29  Stalker x4  
  131  9:30  Stalker  
  141  9:34  Protoss Ground Armor Level 3  
  139  9:41  Disruptor  
  139  9:42  Protoss Ground Weapons Level 3  
  139  9:46  Mothership Core (Chrono Boost)  
  141  9:54  Pylon  
  141  9:56  Pylon  
  141  9:57  Pylon  
  141  9:59  Pylon  
  141  10:05  Pylon  
  141  10:18  Zealot x2  
  141  10:19  Zealot x5  
  155  10:32  Nexus  
  155  10:34  Pylon  
  155  10:35  Pylon, Assimilator  
  155  10:37  Assimilator  
  155  10:47  Zealot x4  
  155  10:48  Zealot x2  
  167  11:04  Pylon  
  167  11:06  Pylon  
  167  11:11  Pylon, Immortal x2  
  167  11:13  Pylon  
  167  11:14  Observer Gravitic Boosters  
  175  11:27  Pylon  
  175  11:28  Probe (Chrono Boost)  
  175  11:29  Templar Archives  
  175  11:30  Probe x2 (Chrono Boost)  
  178  11:33  Zealot  
  178  11:39  Probe (Chrono Boost)  
  181  11:42  Probe x2 (Chrono Boost)  
  187  11:54  Immortal x2  
  189  12:19  Zealot x5  
  189  12:20  Zealot  
  199  12:40  Gateway  
  199  12:42  Gateway  
  199  12:45  Extended Thermal Lance, Gateway  
  199  12:46  Charge  
  199  12:47  Gateway  
  199  12:48  Gateway  
  199  12:50  Gateway  
  199  12:55  Psionic Storm  
  198  13:37  Zealot x2  
  198  13:38  Zealot  
  168  14:07  Stalker x5  
  168  14:08  Stalker x7  
  168  14:09  Stalker  
Show
View Real Time Build Order
Export as new Build Order

Musumeci Zerg 

Build Orders: Hatch First 

Get SALT Encoding   

  12  0:01  Drone  
  13  0:08  Drone  
  14  0:14  Extractor  
  14  0:15  Drone  
  15  0:40  Hatchery  
  14  0:59  Spawning Pool  
  13  1:07  Extractor  
  12  1:20  Drone x2  
  12  1:22  Extractor  
  12  1:23  Drone  
  14  1:36  Overlord  
  14  1:42  Drone, Extractor  
  15  1:51  Queen  
  17  1:54  Zergling x2  
  17  1:57  Drone  
  19  2:03  Drone  
  20  2:11  Metabolic Boost  
  20  2:22  Zergling x6  
  23  2:24  Drone  
  23  2:27  Drone  
  25  2:34  Overlord  
  25  2:42  Queen  
  27  2:51  Drone  
  27  2:53  Drone x2  
  29  3:04  Drone x2  
  29  3:05  Drone x2  
  33  3:10  Overlord  
  33  3:32  Hatchery  
  32  3:36  Overlord  
  32  3:40  Roach Warren  
  31  3:41  Spore Crawler  
  31  3:44  Spore Crawler  
  29  4:04  Overlord x2  
  29  4:11  Lair  
  29  4:15  Drone  
  29  4:16  Drone x4  
  34  4:17  Drone  
  35  4:32  Drone  
  35  4:33  Drone x4  
  40  4:41  Drone  
  40  4:42  Drone x2  
  43  4:46  Drone x3  
  46  4:56  Roach x3  
  52  5:05  Drone x3  
  52  5:06  Extractor  
  54  5:13  Hydralisk Den  
  53  5:15  Roach  
  53  5:19  Extractor  
  53  5:20  Queen, Extractor  
  55  5:21  Drone  
  55  5:22  Drone x3  
  55  5:24  Drone x2  
  61  5:42  Overseer  
  61  5:51  Hydralisk x2  
  65  6:08  Overlord x4  
  65  6:29  Hydralisk x2  
  65  6:30  Hydralisk x7  
  83  6:34  Drone x3  
  83  6:35  Extractor x2  
  83  6:37  Drone  
  83  6:38  Drone x2  
  87  6:41  Zergling x2  
  87  6:42  Zergling x4  
  90  6:51  Overlord x2  
  89  7:03  Glial Reconstitution, Muscular Augments  
  89  7:06  Drone  
  90  7:09  Drone x6  
  96  7:25  Overseer  
  96  7:32  Hydralisk x5  
  106  7:37  Overlord x2  
  106  7:59  Overseer  
  106  8:07  Hydralisk x8  
  106  8:09  Overlord x2  
  106  8:10  Overlord  
  122  8:35  Hatchery  
  122  8:36  Ravager  
  122  8:37  Extractor, Ravager x3  
  124  8:44  Evolution Chamber  
  123  8:48  Infestation Pit  
  123  8:51  Overlord x2, Hydralisk  
  123  8:52  Hydralisk x5  
  107  9:26  Hydralisk x10  
  127  9:48  Roach x4  
  135  9:54  Drone  
  135  9:55  Drone x2  
  135  9:56  Queen  
  140  10:00  Hive  
  140  10:05  Roach x3  
  134  10:20  Ravager x3  
  134  10:21  Ravager  
  129  10:44  Extractor  
  124  11:05  Evolution Chamber, Zerg Melee Weapons Level 1  
  124  11:08  Roach x7  
  137  11:16  Ultralisk Cavern  
  136  11:25  Drone x4  
  137  11:26  Drone x2  
  137  11:27  Drone x4  
  137  11:29  Drone x6  
  137  11:32  Drone x4  
  156  11:48  Hatchery  
  156  11:50  Ravager x5  
  159  12:05  Extractor  
  159  12:06  Extractor  
  137  12:24  Ravager x3  
  137  12:26  Chitinous Plating  
  137  12:28  Ultralisk x4  
  137  12:29  Overlord x3  
  164  12:30  Overlord x2  
  164  12:38  Adrenal Glands, Zerg Ground Armor Level 1  
  164  12:40  Zergling x6  
  164  12:41  Zergling x2  
  168  12:46  Pneumatized Carapace  
  168  13:02  Drone x3  
  168  13:03  Drone x3  
  168  13:04  Drone x3  
  177  13:13  Ultralisk  
  177  13:14  Ultralisk x2  
  168  13:38  Ultralisk x3  
  142  13:53  Ultralisk x2  
  135  14:08  Hydralisk x9  
Tags
 
Add a new tag
Caveats
  • Supply blocks, unpowered buildings, or Contaminate may cause inaccurate times.
  • Supply counts are checked every 10 seconds.